 Dungeon Crawl Stone Soup version 0.24-a0-736-g4e6fe308c7 (webtiles) character file.

Game seed: 15707172820698105611, levelgen mode: deterministic

22 Kiporshnikov the Skirmisher (level 3, -4/29 HPs)
             Began as a Human Berserker on Oct 2, 2019.
             Was a Follower of Trog.
             Slain by an orc
             ... wielding a +0 flail
              (7 damage)
             ... on level 4 of the Dungeon.
             The game lasted 00:03:43 (646 turns).

Kiporshnikov the Skirmisher (Human Berserker)        Turns: 646, Time: 00:03:47

Health: -4/29      AC:  5    Str: 18    XL:     3   Next: 7%
Magic:  3/3        EV: 11    Int:  7    God:    Trog [*.....]
Gold:   26         SH:  0    Dex: 12    Spells: 2/2 levels left

rFire    . . .     SeeInvis .   k - +0 falchion
rCold    . . .     Gourm    .   (no shield)
rNeg     . . .     Faith    .   i - +0 ring mail
rPois    .         Spirit   .   (no helmet)
rElec    .         Reflect  .   (no cloak)
rCorr    .         Harm     .   (no gloves)
MR       .....                  (no boots)
Stlth    +.........             (no amulet)
HPRegen  0.09/turn              (no ring)
MPRegen  0.08/turn              (no ring)

@: no status effects
A: no striking features
a: Berserk, Renounce Religion


You were on level 4 of the Dungeon.
You worshipped Trog.
Trog was aware of your devotion.
You were not hungry.

You visited 1 branch of the dungeon, and saw 3 of its levels.

You collected 26 gold pieces.

Inventory:

Hand Weapons
 a - a +0 hand axe
 h - a +0 short sword
 k - a +0 falchion (weapon)
Armour
 i - a +0 ring mail (worn)
Scrolls
 d - 2 scrolls of remove curse {unknown}
 f - a scroll of teleportation {unknown}
 g - a scroll of blinking {unknown}
Potions
 e - a potion of curing
 j - a potion of ambrosia {unknown}
Comestibles
 b - 3 chunks of flesh
 c - 4 rations


   Skills:
 + Level 3.4 Fighting
 + Level 3.4 Axes
 + Level 2.1 Armour
 + Level 2.2 Dodging


You had 2 spell levels left.
You didn't know any spells.
Your spell library was empty.

Dungeon Overview and Level Annotations

Branches:
Dungeon (2/15)

Altars:


Message History

You slash the hobgoblin!
You kill the hobgoblin!
Trog accepts your kill.
Things that are here:
a +0 club; a hobgoblin corpse You fall into a shaft and drop 2 floors!
The shaft crumbles and collapses.
Found 12 gold pieces and a robe.
Found a stone staircase leading down.
An orc and an ogre come into view.
The ogre shouts!
Found a longbow.
The orc hits you with a +0 flail.
You closely miss the orc. The orc hits you with a +0 flail.
You hit the ogre.
The ogre is moderately wounded.
The ogre hits you with a +0 giant club!
Ouch! That really hurt!
* * * LOW HITPOINT WARNING * * *
The orc hits you with a +0 flail!
You die...

#.#. #.........#
..... .........#
.....# ........#
......#####.......#
.................#
.............>..#
...$...........##
.........##.oO##
.........####@#
)......... ##.#
........... ##
..........O
...[........


You could see an ogre and an orc.

Vanquished Creatures
  A dart slug (D:1)
  2 leopard geckos (D:1)
  A goblin (D:1)
  3 hobgoblins
  3 jackals (D:1)
  3 bats (D:1)
  3 kobolds
16 creatures vanquished.

Vanquished Creatures (others)
  A quokka skeleton (D:4)
1 creature vanquished.

Grand Total: 17 creatures vanquished

Notes
Turn   | Place    | Note
-------+----------+-------------------------------------------
     0 | D:1      | Kiporshnikov the Human Berserker began the quest for the
                  | Orb.
     0 | D:1      | Reached XP level 1. HP: 18/18 MP: 1/1
   118 | D:1      | Reached XP level 2. HP: 21/24 MP: 2/2
   605 | D:1      | You fall into a shaft and drop 1 floor!
   615 | D:2      | Reached XP level 3. HP: 29/29 MP: 3/3
   634 | D:2      | You fall into a shaft and drop 2 floors!
   635 | D:4      | Noticed an ogre
   646 | D:4      | Slain by an orc

Levels and vault maps discovered:
D:1:      lemuel_arrival_broad_hall, layout_loops_ring, serial_forest,
          infiniplex_forest_straight_3, infiniplex_forest_pool,
          infiniplex_forest_lined_3, infiniplex_forest_fountain,
          infiniplex_forest_lined_corner, infiniplex_forest_lined_3_way
D:2:      layout_loops_ring
D:4:      minmay_octagon_keep, layout_cave_pods, minitemple, serial_shops,
          nicolae_shop_stone, shop_fountains, nicolae_shop_stone,
          shop_fountains, lemuel_flame_loot_1

Action                   || total
-------------------------++-------
Melee: Hand axe          ||    67
       Falchion          ||     3
  Use: Scroll            ||     1
Armor: Animal skin       ||    15
       Ring mail         ||    24
Dodge: Dodged            ||    68

Table legend:
 A = Non-vault XP
 B = Vault XP
 C = Vault XP percentage of total XP
 D = Non-vault monster count
 E = Vault monster count
 F = Vault count percentage of total count
                 A         B        C        D         E       F
            +---------+---------+-------+---------+---------+-------
      Total |      32 |       0 |   0.0 |      16 |       0 |   0.0
            +---------+---------+-------+---------+---------+-------
        D:1 |      28 |       0 |   0.0 |      14 |       0 |   0.0
        D:2 |       4 |       0 |   0.0 |       2 |       0 |   0.0
            +---------+---------+-------+---------+---------+-------
